 Dungeon Crawl Stone Soup version 0.22.1-6-g1668fe2 (webtiles) character file.

3563 dvd the Chopper (level 10, -1/51 HPs)
             Began as a Vine Stalker Gladiator on Jan 27, 2019.
             Was a Believer of Makhleb.
             Slain by a two-headed ogre
             ... wielding a +0 giant club
              (6 damage)
             ... on level 8 of the Dungeon.
             The game lasted 00:20:19 (5871 turns).

dvd the Chopper (Vine Stalker Gladiator)            Turns: 5871, Time: 00:20:20

Health: -1/51      AC: 14    Str: 20    XL:     10   Next: 9%
Magic:  0/11       EV: 10    Int:  8    God:    Makhleb [**....]
Gold:   374        SH:  0    Dex: 16    Spells: 9/9 levels left

rFire    . . .     SeeInvis .   P - +1 hand axe (venom)
rCold    . . .     Gourm    .   (no shield)
rNeg     . . .     Faith    .   Q - +3 chain mail
rPois    .         Spirit   +   c - +0 helmet
rElec    .         Reflect  .   (no cloak)
rCorr    .         Harm     .   (no gloves)
MR       +....                  (no boots)
Stlth    ..........             (no amulet)
HPRegen  0.57/turn              (no ring)
MPRegen  0.12/turn              (no ring)

@: no status effects
A: fangs 3, regeneration 1, magic shield, antimagic bite, no potion heal 3, rot
immunity
a: Minor Destruction, Renounce Religion


You were on level 8 of the Dungeon.
You worshipped Makhleb.
Makhleb was pleased with you.
You were not hungry.

You visited 2 branches of the dungeon, and saw 9 of its levels.

You collected 374 gold pieces.

Inventory:

Hand Weapons
 a - a +0 war axe
 b - a +3 double sword of holy wrath
 u - a +1 flail of draining
 w - a +0 battleaxe
 F - a +0 dagger of venom
 H - a +0 shortbow of freezing
 M - a +1 dire flail of crushing
 O - a +0 flail of venom
 P - a +1 hand axe of venom (weapon)
Missiles
 d - 6 throwing nets (quivered)
 I - 26 arrows
Armour
 c - a +0 helmet (worn)
 J - a +0 large shield
 Q - a +3 chain mail (worn)
Magical Staves
 K - an uncursed staff of earth
Jewellery
 t - an uncursed ring of fire
Wands
 e - a wand of paralysis (22)
 q - a wand of iceblast (19)
 s - a wand of digging (18)
Scrolls
 g - a scroll of blinking {unknown}
 h - 6 scrolls of teleportation
 n - 3 scrolls of fear
 p - 3 scrolls of remove curse
 v - a scroll of amnesia {unknown}
 y - 6 scrolls of identify {unknown}
 A - a scroll of noise {unknown}
 C - a scroll of enchant weapon {unknown}
 D - 2 scrolls of enchant armour {unknown}
 E - a scroll of fog {unknown}
 G - a scroll of random uselessness {unknown}
 N - a scroll of torment {unknown}
Potions
 i - a potion of might {unknown}
 j - a potion of brilliance {unknown}
 k - a potion of flight {unknown}
 l - 3 potions of lignification {unknown}
 m - a potion of heal wounds
 o - 3 potions of curing {unknown}
 r - 2 potions of mutation {unknown}
 x - a potion of agility {unknown}
 z - a potion of degeneration {unknown}
 B - 2 potions of ambrosia {unknown}
Comestibles
 f - 15 rations
 L - 5 chunks of flesh


   Skills:
 + Level 5.1 Fighting
 + Level 3.2 Long Blades
 + Level 7.4(8.0) Axes
 + Level 4.3(6.5) Maces & Flails
 + Level 2.4 Bows
 + Level 1.9 Throwing
 + Level 5.0 Armour
 + Level 4.0 Dodging
 + Level 3.7 Stealth
 + Level 0.2 Invocations
 + Level 0.5 Evocations


You had 9 spell levels left.
You didn't know any spells.
Your spell library contained the following spells:

 Spells                   Type           Power        Failure   Level  Hunger
 Summon Butterflies       Summ           #.......     99%         1    ##.....
 Summon Demon             Summ           #.........   100%        5    ######.
 Dispersal                Tloc           #.........   100%        6    #######
 Controlled Blink         Tloc           N/A          100%        8    #######


Dungeon Overview and Level Annotations

Branches:
Dungeon (8/15)             Temple (1/1) D:5
   Lair: D:8-11

Altars:
Elyvilon
Fedhas
Gozag
Kikubaaqudgha
Makhleb
Nemelex Xobeh
Okawaru
Qazlal
Ru
Trog
Uskayaw
Vehumet
Wu Jian
Xom
Zin
The Shining One

Shops:
D:6 !([}[


Innate Abilities, Weirdness & Mutations

You have razor-sharp teeth.
Your natural rate of healing is unusually fast.
When hurt, damage is shared between your health and your magic reserves.
Your bite disrupts and absorbs the magic of your enemies.
Potions cannot restore your health.
You are immune to rotting.


Message History

The two-headed ogre hits you with a giant club.
The two-headed ogre closely misses you.
You hit the two-headed ogre.
The two-headed ogre is poisoned.
You bite the two-headed ogre, but do no damage.
The two-headed ogre is heavily wounded.
The two-headed ogre barely misses you. The two-headed ogre closely misses you.
You hit the two-headed ogre but do no damage.
Your bite misses the two-headed ogre.
The two-headed ogre is heavily wounded.
You hit the two-headed ogre.
You bite the two-headed ogre, but do no damage.
The two-headed ogre is heavily wounded.
The two-headed ogre hits you with a giant club!
The two-headed ogre hits you with a giant spiked club!!
* * * LOW HITPOINT WARNING * * *
You see here a whip.
The two-headed ogre hits you with a giant club.
* * * LOW HITPOINT WARNING * * *
The two-headed ogre hits you with a giant spiked club!
You die...

.. ... ##### ....
##(..## ....##
##.....## ....$.###
#.......#
.....$..###.......#
.....†...†........#
....####.........##
## ####.....@.#
###.....O.#
#....>[...#
#.##..)).## #.
##.<.## # ##.##
#..## ##..# ####


You could see a two-headed ogre.

Vanquished Creatures
  Sigmund (D:5)
  Eustachio (D:5)
  Menkaure (D:5)
  2 hungry ghosts (D:7)
  2 ice beasts
  4 orc warriors
  2 sky beasts
  2 phantoms (D:7)
  A centaur (D:5)
  An ogre (D:5)
  A big kobold (D:7)
  Blork the orc (D:6)
  3 bullfrogs
  2 gnoll sergeants
  6 wights
  2 howler monkeys
  3 crimson imps
  3 jellies
  A centaur skeleton (D:7)
  4 hounds
  2 orc priests
  5 orc wizards
  An iguana (D:4)
  5 worker ants
  A killer bee zombie (D:2)
  A worker ant zombie (D:7)
  7 gnolls
  12 adders
  A shadow imp (D:7)
  3 adder zombies
  A worm (D:2)
  6 dart slugs
  7 leopard geckos
  18 orcs
  8 bats
  7 giant cockroaches
  12 hobgoblins
  14 jackals
  2 quokkas
  3 ball pythons
  4 frilled lizards
  12 goblins
  11 kobolds
  2 leopard gecko skeletons
  12 rats
200 creatures vanquished.

Vanquished Creatures (others)
  A wizard (D:7)
1 creature vanquished.

Grand Total: 201 creatures vanquished

Notes
Turn   | Place    | Note
-------+----------+-------------------------------------------
     0 | D:1      | dvd the Vine Stalker Gladiator began the quest for the Orb.
     0 | D:1      | Reached XP level 1. HP: 11/11 MP: 2/2
    69 | D:1      | Reached XP level 2. HP: 15/15 MP: 3/3
    82 | D:1      | Reached skill level 3 in Axes
   358 | D:1      | Reached XP level 3. HP: 14/18 MP: 4/4
   956 | D:2      | Gained mutation: Your natural rate of healing is unusually
                  | fast. [Vine Stalker growth]
   956 | D:2      | Reached XP level 4. HP: 23/23 MP: 5/5
   964 | D:2      | Found an opulent altar of Gozag.
  1328 | D:2      | Reached skill level 4 in Axes
  1409 | D:2      | Reached XP level 5. HP: 26/26 MP: 6/6
  1723 | D:3      | Reached skill level 1 in Armour
  1817 | D:3      | Found a glowing golden altar of the Shining One.
  2035 | D:3      | Found a radiant altar of Vehumet.
  2035 | D:3      | Found a white marble altar of Elyvilon.
  2198 | D:3      | Reached XP level 6. HP: 26/31 MP: 7/7
  2344 | D:4      | Reached skill level 1 in Stealth
  2798 | D:4      | Found a shimmering altar of Xom.
  2803 | D:4      | Reached skill level 5 in Axes
  3177 | D:5      | Entered Level 5 of the Dungeon
  3212 | D:5      | Reached XP level 7. HP: 28/35 MP: 6/8
  3278 | D:5      | Noticed Sigmund
  3285 | D:5      | Killed Sigmund
  3285 | D:5      | Reached skill level 6 in Axes
  3350 | D:5      | Noticed Eustachio
  3377 | D:5      | Killed Eustachio
  3377 | D:5      | Gained mutation: You have razor-sharp teeth. [Vine Stalker
                  | growth]
  3377 | D:5      | Reached XP level 8. HP: 31/40 MP: 6/9
  3528 | D:5      | Noticed Menkaure
  3539 | D:5      | Killed Menkaure
  3539 | D:5      | Reached skill level 1 in Bows
  3570 | D:5      | Found a bloodstained altar of Trog.
  3772 | D:5      | Reached skill level 1 in Maces & Flails
  3893 | D:5      | Found a staircase to the Ecumenical Temple.
  3902 | Temple   | Entered the Ecumenical Temple
  3943 | Temple   | Became a worshipper of Makhleb the Destroyer
  4064 | D:6      | Found Buir's Antique Armour Shoppe.
  4097 | D:6      | Found Zotewkei's Weapon Shoppe.
  4115 | D:6      | Found Mudout's Distillery.
  4129 | D:6      | Reached skill level 7 in Axes
  4158 | D:6      | Reached XP level 9. HP: 44/45 MP: 10/10
  4196 | D:6      | Noticed Blork the orc
  4374 | D:6      | Found an ancient bone altar of Kikubaaqudgha.
  4412 | D:6      | Found Xaqiud's Gadget Boutique.
  4705 | D:6      | Found Vaenikho's Armour Emporium.
  4798 | D:6      | Killed Blork the orc
  4980 | D:6      | Reached * piety under Makhleb
  5157 | D:7      | Reached skill level 1 in Long Blades
  5501 | D:7      | Reached ** piety under Makhleb
  5501 | D:7      | Reached skill level 5 in Fighting
  5645 | D:7      | Reached XP level 10. HP: 51/51 MP: 11/11
  5661 | D:7      | Found a bloodstained altar of Trog.
  5662 | D:7      | Noticed a wizard
  5668 | D:7      | Killed a wizard
  5765 | D:8      | Identified the Almanac of Creative Translocation
  5786 | D:8      | Reached skill level 5 in Armour
  5790 | D:8      | Noticed a two-headed ogre
  5871 | D:8      | Slain by a two-headed ogre

Skill      XL: |  1  2  3  4  5  6  7  8  9 10 |
---------------+-------------------------------+-----
Axes           | 3 4 5 6 7 |  7.4
Fighting       | 2 3 5 |  5.1
Dodging        | 3 4 |  4.0
Armour         | 1 2 3 4 5 |  5.0
Stealth        | 1 2 3 |  3.7
Bows           | 2 |  2.4
Maces & Flails | 2 4 |  4.3
Long Blades    | 2 3 |  3.2
Throwing       | |  1.9
Invocations    | |  0.2
Evocations     | |  0.5

Action                   |  1- 3 |  4- 6 |  7- 9 | 10-12 || total
-------------------------+-------+-------+-------+-------++-------
Melee: War axe           |    77 |   126 |    36 |       ||   239
       Bite              |    17 |    42 |    99 |    15 ||   173
       Flail             |       |     1 |    19 |       ||    20
       Battleaxe         |       |    42 |    61 |       ||   103
       Dire flail        |       |       |   116 |       ||   116
       Double sword      |       |       |    37 |    24 ||    61
       Hand axe          |       |       |    22 |    13 ||    35
 Fire: Shortbow          |       |       |    18 |       ||    18
Throw: Throwing net      |       |     1 |     3 |       ||     4
Invok: Minor Destruction |       |       |       |     4 ||     4
Evoke: Wand              |       |       |     1 |       ||     1
  Use: Scroll            |       |       |     3 |       ||     3
 Stab: Sleeping          |       |     1 |     1 |       ||     2
       Held in net/web   |       |       |     2 |       ||     2
  Eat: Chunk             |       |     8 |     9 |     2 ||    19
       Ration            |       |       |     1 |       ||     1
Armor: Ring mail         |    23 |    66 |    31 |       ||   120
       Scale mail        |       |       |    38 |       ||    38
       Chain mail        |       |       |    71 |    27 ||    98
Dodge: Dodged            |    54 |   126 |   185 |    19 ||   384
       Rpst.: Double sword |       |       |    10 |       ||    10
